 Dungeon Crawl Stone Soup version 0.32-a0-616-g9348d4545b (webtiles) character file.

Game seed: 3479079535434036193

35 snetch the Sneak (level 3, -3/25 HPs)
             Began as a Gnoll Wanderer on Mar 5, 2024.
             Was a Believer of Sif Muna.
             Slain by a gnoll
             ... wielding a +0 halberd
              (10 damage)
             ... on level 2 of the Dungeon.
             The game lasted 00:04:26 (1148 turns).

snetch the Sneak (Gnoll Wanderer)                   Turns: 1148, Time: 00:04:27

Health: -3/25      AC:  3    Str:  8    XL:     3   Next: 35%
Magic:  7/7        EV: 11    Int: 14    God:    Sif Muna [**....]
Gold:   103        SH:  0    Dex: 13    Spells: 6/7 levels left

rFire   . . .        a - +2 quarterstaff
rCold   . . .        (shield currently unavailable)
rNeg    . . .        d - +0 robe
rPois   .            (no helmet)
rElec   .            (no cloak)
rCorr   .            (no gloves)
SInv    .            i - +0 pair of boots
Will    .....        (no amulet)
Stlth   +++          (no ring)
HPRegen 0.24/turn    (no ring)
MPRegen 0.10/turn

%: no passive effects
@: no status effects
A: fangs 1, strong nose, distributed training
a: Renounce Religion, Channel Magic


You were on level 2 of the Dungeon.
You worshipped Sif Muna.
Sif Muna was pleased with you.
You visited 1 branch of the dungeon, and saw 3 of its levels.

You collected 103 gold pieces.

Inventory:

Hand Weapons
 a - a +2 quarterstaff (weapon)
 b - a +1 heavy war axe
Missiles
 l - 4 stones
Armour
 d - a +0 robe (worn)
 h - a +0 chain mail
 i - a +0 pair of boots (worn)
Scrolls
 c - 2 scrolls of vulnerability
 g - a scroll of revelation {unknown}
 j - 2 scrolls of identify {unknown}
 k - a scroll of poison {unknown}
Potions
 e - 2 potions of curing {unknown}
 f - a potion of ambrosia {unknown}
 m - a potion of enlightenment {unknown}


   Skills:
 + Level 0.8 Fighting
 + Level 0.8 Short Blades
 + Level 0.8 Long Blades
 + Level 0.8 Axes
 + Level 0.8 Maces & Flails
 + Level 0.8 Polearms
 + Level 4.5 Staves
 + Level 0.8 Ranged Weapons
 + Level 0.8 Throwing
 + Level 4.5 Armour
 + Level 0.8 Dodging
 + Level 6.0 Stealth
 + Level 0.8 Shields
 + Level 0.8 Unarmed Combat
 + Level 2.8 Spellcasting
 + Level 0.5 Conjurations
 + Level 0.5 Hexes
 + Level 0.5 Summonings
 + Level 0.5 Necromancy
 + Level 0.5 Translocations
 + Level 0.5 Fire Magic
 + Level 3.7 Ice Magic
 + Level 0.5 Air Magic
 + Level 0.5 Earth Magic
 + Level 0.5 Alchemy
 + Level 1.0 Invocations
 + Level 0.8 Evocations
 + Level 0.7 Shapeshifting


You had 6 spell levels left.
You knew the following spells:

 Your Spells              Type           Power      Damage    Failure   Level
a - Freeze                Ice            48%        1d6       4%          1

Your spell library contained the following spells:

 Spells                   Type           Power      Damage    Failure   Level
 Frozen Ramparts          Ice            24%        1d4       14%         3


Dungeon Overview and Level Annotations

Branches:
Dungeon (3/15)

Altars:
Sif Muna


Innate Abilities, Weirdness & Mutations

You have very sharp teeth.
Your uncanny sense of smell can sniff out nearby items.
Your experience applies equally to all skills.


Message History

The rat bites you but does no damage.
Your Invocations skill increases to level 1!
Found a stone staircase leading down.
The rat bites you but does no damage.
Things that are here:
a +0 club; a goblin corpse You hit the rat.
You kill the rat!
Sif Muna accepts your kill.
No target in view!
You can't see any susceptible monsters within range! (Use Z to cast anyway.)
You now have 103 gold pieces (gained 10).
There is a stone staircase leading down here.
You climb downwards.
There is a stone staircase leading up here.
The helpless rat fails to defend itself.
You sock the rat!
You kill the rat!
Sif Muna accepts your kill.
There is a stone staircase leading up here.
You climb upwards.
There is a stone staircase leading down here.
Things that are here:
a +0 club; a goblin corpse A gnoll comes into view.
It is wielding a +0 halberd.
Found 5 large rocks.
There is a large open door here.
A gnoll comes into view. It is wielding a +0 club.
Found a scroll labelled OBRUBRUFOD.
There is a large open door here.
The gnoll shouts! x2
The gnoll closely misses you. The gnoll misses you.
You hit the gnoll but do no damage. Your bite misses the gnoll.
The gnoll hits you with a +0 club. The gnoll misses you.
You completely miss the gnoll. The gnoll hits you with a +0 club.
The gnoll hits you with a +0 halberd!
* * * LOW HITPOINT WARNING * * *
You barely miss the gnoll. You bite the gnoll, but do no damage.
The gnoll hits you with a +0 halberd!
You die...

#...#...##########
#.......+ .....
#.......# #####
#....#### ###### ##'#.#
#####.....
########'#.####.........
#.....?.................
#.........####..........
#......@..# #.####'####
#.....gg..# #.#
#...(.....# #.#
#.........# #.#
#.........# #.#
#.........# #.#
########'## #.# .. #.#
#.####


You could see 2 gnolls.

Vanquished Creatures
  A dart slug (D:1)
  3 bats
  5 endoplasms (D:1)
  4 jackals (D:1)
  A quokka (D:1)
  5 ball pythons (D:1)
  A frilled lizard (D:1)
  2 goblins
  3 kobolds (D:1)
  5 rats
  A spectral hobgoblin (D:1)
31 creatures vanquished.

Notes
Turn   | Place    | Note
-------+----------+-------------------------------------------
     0 | D:1      | snetch the Gnoll Wanderer began the quest for the Orb.
     0 | D:1      | snetch set off with the following items: a +2 quarterstaff,
                  | a +0 pair of boots, a scroll of vulnerability, a +0 robe;
                  | and the following spell memorised: Freeze; and the
                  | following spells available to memorise: Frozen Ramparts.
     0 | D:1      | Reached XP level 1. HP: 13/13 MP: 4/4
   101 | D:1      | Found a faded altar of an unknown god.
   106 | D:1      | Prayed at the altar of an unknown god.
   106 | D:1      | Became a worshipper of Sif Muna the Loreminder
   106 | D:1      | Reached * piety under Sif Muna
   136 | D:1      | Reached XP level 2. HP: 11/19 MP: 5/5
   598 | D:1      | Reached XP level 3. HP: 23/25 MP: 7/7
   609 | D:1      | Reached skill level 6 in Stealth
   769 | D:1      | Reached ** piety under Sif Muna
  1097 | D:2      | Reached skill level 1 in Invocations
  1148 | D:2      | Slain by a gnoll

Illustrated notes

Levels and vault maps discovered:
D:1:      mrwooster_arrival_statue_2, layout_loops_ring,
          dreamdust_ecumenical_altar_drowned_temple
D:2:      layout_basic, basic_altar
D:3:      layout_basic, chequers_temple_overflow_statue_of_worship,
          serial_shops, shop, minmay_fractal_squares_5, uniq_pargi

Skill      XL: |  1  2  3 |
---------------+----------+-----
Stealth        | 6 |  6.0
Invocations    | 1 |  1.0
Fighting       | |  0.8
Short Blades   | |  0.8
Long Blades    | |  0.8
Axes           | |  0.8
Maces & Flails | |  0.8
Polearms       | |  0.8
Staves         | |  4.5
Ranged Weapons | |  0.8
Throwing       | |  0.8
Armour         | |  4.5
Dodging        | |  0.8
Shields        | |  0.8
Unarmed Combat | |  0.8
Spellcasting   | |  2.8
Conjurations   | |  0.5
Hexes          | |  0.5
Summonings     | |  0.5
Necromancy     | |  0.5
Translocations | |  0.5
Fire Magic     | |  0.5
Ice Magic      | |  3.7
Air Magic      | |  0.5
Earth Magic    | |  0.5
Alchemy        | |  0.5
Evocations     | |  0.8
Shapeshifting  | |  0.7

Action                     || total
---------------------------++-------
  Melee: Quarterstaff      ||    46
         Bite              ||     6
   Cast: Freeze            ||    15
   Stab: Sleeping          ||     7
 Armour: Robe              ||    33
  Dodge: Dodged            ||    19

Table legend: (Time is in decaauts)
 A = Elapsed time spent in this place.
 B = Non-inter-level travel time spent in this place.
 C = Inter-level travel time spent in this place.
 D = Time resting spent in this place.
 E = Time spent auto-exploring this place.
 F = Levels seen in this place.
 G = Mean time per level.
                   A        B        C        D        E       F      G
               +--------+--------+--------+--------+--------+-----+--------+
         Total |   1157 |   1142 |     15 |      0 |    793 |   3 |  385.7 |
       Dungeon |   1157 |   1142 |     15 |      0 |    793 |   3 |  385.7 |
               +--------+--------+--------+--------+--------+-----+--------+

Top non-repeatable levels by time:
     D:1: 895 daAuts
     D:2: 251 daAuts
     D:3: 10 daAuts
